 Dungeon Crawl Stone Soup version 0.27-a0-686-gaed091b46b (webtiles) character file.

Game seed: 16697848342724744784

133 DarkShadow the Covered (level 5, -9/43 HPs)
             Began as a Barachi Fighter on Mar 21, 2021.
             Was an Initiate of Gozag.
             Mangled by a +0 glaive of speed (15 damage)
             ... created by the rancor of the Wu Jian Council
             ... on level 3 of the Dungeon.
             The game lasted 00:12:47 (2644 turns).

DarkShadow the Covered (Barachi Fighter)            Turns: 2644, Time: 00:12:48

Health: -9/43      AC:  9    Str: 19    XL:     5   Next: 16%
Magic:  5/5        EV:  5    Int:  8    God:    Gozag
Gold:   192        SH:  9    Dex: 11    Spells: 4/4 levels left

rFire    . . .     SeeInvis .   l - +0 scimitar
rCold    . . .     Faith    .   c - +0 kite shield
rNeg     . . .     Spirit   .   m - +0 chain mail
rPois    .         Reflect  .   (no helmet)
rElec    .         Harm     .   (no cloak)
rCorr    .         Rampage  .   (no gloves)
Will     .....                  (no boots)
Stlth    ..........             f - amulet of regeneration
HPRegen  1.14/turn              (no ring)
MPRegen  0.09/turn              (no ring)

@: can't hop, slow
A: +LOS, amphibious, slowness 1, strong legs 1
a: Hop, Renounce Religion, Potion Petition, Call Merchant, Bribe Branch


You were on level 3 of the Dungeon.
You worshipped Gozag.
Gozag was aware of your devotion.
You visited 1 branch of the dungeon, and saw 3 of its levels.

You collected 212 gold pieces.
You paid 20 gold pieces to Gozag.

Inventory:

Hand Weapons
 a - a +0 long sword
 l - a +0 scimitar (weapon)
Missiles
 s - 2 boomerangs
Armour
 b - a +0 scale mail
 c - a +0 kite shield (worn)
 m - a +0 chain mail (worn)
 o - a scarf of invisibility
Jewellery
 f - an amulet of regeneration (around neck)
 t - a +4 ring of protection
Scrolls
 e - a scroll of identify {unknown}
 g - a scroll of noise {unknown}
 h - a scroll of magic mapping {unknown}
 i - a scroll of summoning {unknown}
 k - 2 scrolls of vulnerability {unknown}
 n - a scroll of random uselessness {unknown}
 p - a scroll of blinking {unknown}
Potions
 d - a potion of might
 j - a potion of heal wounds {unknown}
 q - a potion of degeneration {unknown}
 r - a potion of magic {unknown}
 u - a potion of attraction {unknown}


   Skills:
 + Level 4.3 Fighting
 + Level 4.2 Long Blades
 + Level 4.4 Armour
 + Level 0.4 Dodging
 + Level 4.1 Shields


You had 4 spell levels left.
You didn't know any spells.
Your spell library was empty.

Dungeon Overview and Level Annotations

Branches:
Dungeon (3/15)

Altars:
Fedhas
Gozag
Makhleb
Nemelex Xobeh


Innate Abilities, Weirdness & Mutations

You can be seen from farther away. (+LOS)
You are amphibious.
You cover ground slowly.
You can hop short distances.


Message History

You don't know any spells.
Hop to where?
Press: ? - help, Dir - move target, p - +3 great sword of flaming Boing!
The barbed spikes dig painfully into your body as you move.
The +2 dire flail of flaming moves out of view.
The barbed spikes dig painfully into your body as you move.
The barbed spikes dig painfully into your body as you move.
The barbed spikes dig painfully into your body as you move.
The +3 great sword of flaming hits you but does no damage.
You block the +0 glaive of speed's attack.
You slash the +3 great sword of flaming!
The +3 great sword of flaming is almost destroyed.
The +0 glaive of speed hits you from afar!
You block the +3 great sword of flaming's attack.
You slash the +3 great sword of flaming!
You destroy the +3 great sword of flaming!
That felt strangely unrewarding.
The +0 glaive of speed hits you from afar!
The +0 quarterstaff of freezing hits you but does no damage.
The barbed spikes dig painfully into your body as you move.
The +2 dire flail of flaming hits you! The +2 dire flail of flaming burns you.
The +0 glaive of speed hits you.
* * * LOW HITPOINT WARNING * * *
The +0 quarterstaff of freezing hits you.
* * * LOW HITPOINT WARNING * * *
The +0 quarterstaff of freezing freezes you.
* * * LOW HITPOINT WARNING * * *
The barbed spikes dig painfully into your body as you move.
The +0 glaive of speed hits you from afar.
* * * LOW HITPOINT WARNING * * *
The +0 quarterstaff of freezing hits you but does no damage.
The barbed spikes dig painfully into your body as you move.
You carefully extract the barbed spikes from your body.
You block the +2 dire flail of flaming's attack.
The +0 glaive of speed barely misses you.
You block the +0 quarterstaff of freezing's attack.
The +0 glaive of speed hits you from afar!
You die...
Your body crumbles into a pile of gold.

#..# #..####.#.##.....#
#....##.(# #.#.#####..#
......(..# #...# #..#
#####.##..#####..#####..#
#. #................#
.##..###.#..#####.##
##..# #.#..# #.# # #..#
#.#..# #.# #.##..###@#..#
#.# #.......((#..# ###
####...(..#..#
.........#####..#
.........# ##>#
.........# ..#####..# .
.... ###.#


You could see 3 dancing weapons.

Vanquished Creatures
  A dancing weapon (D:3)
  6 adders
  A gnoll (D:1)
  A worm (D:2)
  2 dart slugs
  2 orcs (D:3)
  5 giant cockroaches
  7 goblins
  3 hobgoblins
  4 jackals (D:3)
  A quokka (D:3)
  A ball python (D:2)
  12 bats
  5 frilled lizards
  5 kobolds
  5 rats
61 creatures vanquished.

Notes
Turn   | Place    | Note
-------+----------+-------------------------------------------
     0 | D:1      | DarkShadow the Barachi Fighter began the quest for the Orb.
     0 | D:1      | Reached XP level 1. HP: 18/18 MP: 1/1
   270 | D:1      | Reached XP level 2. HP: 21/25 MP: 2/2
   597 | D:1      | Reached XP level 3. HP: 30/30 MP: 3/3
  1396 | D:2      | Reached XP level 4. HP: 37/37 MP: 4/4
  1435 | D:2      | Found a burning altar of Makhleb.
  1576 | D:2      | Found a blossoming altar of Fedhas.
  1816 | D:2      | Found an opulent altar of Gozag.
  1816 | D:2      | Found a sparkling altar of Nemelex Xobeh.
  1825 | D:2      | Became a worshipper of Nemelex Xobeh the Trickster
  1828 | D:2      | Fell from the grace of Nemelex Xobeh
  1828 | D:2      | Became a worshipper of Gozag Ym Sagoz the Greedy
  2478 | D:3      | Reached XP level 5. HP: 43/43 MP: 5/5
  2634 | D:3      | Noticed a +3 great sword of flaming
  2634 | D:3      | Noticed a +2 dire flail of flaming
  2634 | D:3      | Noticed a +0 quarterstaff of freezing
  2634 | D:3      | Noticed a +0 glaive of speed
  2639 | D:3      | Killed a +3 great sword of flaming
  2641 | D:3      | HP: 1/43 [+0 glaive of speed[the rancor of the Wu Jian
                  | Council] (6)]
  2644 | D:3      | Mangled by a +0 glaive of speed

Illustrated notes

Levels and vault maps discovered:
D:1:      wander_arrival_chamber, layout_basic
D:2:      layout_basic, grunt_temple_overflow_opulence, bloody_makhleb,
          fedhas_altar_2, eino_curves_02
D:3:      layout_basic, uniq_ijyb

Skill      XL: |  1  2  3  4  5 |
---------------+----------------+-----
Fighting       | 4 |  4.3
Armour         | 4 |  4.4
Long Blades    | 3 4 |  4.2
Shields        | 4 |  4.1
Dodging        | |  0.4

Action                   |  1- 3 |  4- 6 || total
-------------------------+-------+-------++-------
Melee: Long sword        |    99 |       ||    99
       Scimitar          |     2 |    80 ||    82
 Abil: Hop               |       |     2 ||     2
Armor: Scale mail        |    72 |     2 ||    74
       Chain mail        |       |    59 ||    59
Dodge: Dodged            |    40 |    34 ||    74
Block: Kite shield       |    75 |    73 ||   148
       Rpst.: Long sword |    11 |       ||    11
       Scimitar          |       |    11 ||    11

Table legend: (Time is in decaauts)
 A = Elapsed time spent in this place.
 B = Non-inter-level travel time spent in this place.
 C = Inter-level travel time spent in this place.
 D = Time resting spent in this place.
 E = Time spent auto-exploring this place.
 F = Levels seen in this place.
 G = Mean time per level.
                   A        B        C        D        E       F      G
               +--------+--------+--------+--------+--------+-----+--------+
         Total |   3102 |   3102 |      0 |    367 |   1223 |   3 | 1034.0 |
       Dungeon |   3102 |   3102 |      0 |    367 |   1223 |   3 | 1034.0 |
               +--------+--------+--------+--------+--------+-----+--------+

Top non-repeatable levels by time:
     D:1: 1463 daAuts
     D:2: 1079 daAuts
     D:3: 560 daAuts
